 Dungeon Crawl Stone Soup version 0.30-a0-571-gdf30a72648 (webtiles) character file.

Game seed: 16678862973582251047

1055 experimilk the Destroyer (level 8, 63/63 HPs)
             Began as a Purple Draconian Conjurer on Dec 29, 2022.
             Was an Initiate of Sif Muna.
             Quit the game on level 5 of the Dungeon.
             The game lasted 00:11:18 (5315 turns).

experimilk the Destroyer (DrCj)                     Turns: 5315, Time: 00:11:18

Health: 63/63      AC:  6    Str: 10    XL:     8   Next: 5%
Magic:  15/15      EV: 12    Int: 20    God:    Sif Muna [......]
Gold:   262        SH:  0    Dex: 10    Spells: 6/16 levels left

rFire   . . .      SeeInvis .    (no weapon)
rCold   . . .      Faith    .    (no shield)
rNeg    . . .      Spirit   .    (body armour unavailable)
rPois   .          Reflect  .    (helmet restricted)
rElec   .          Harm     .    (no cloak)
rCorr   .          Rampage  .    (no gloves)
Will    +....                    (no boots)
Stlth   ++                       o - amulet of the acrobat
HPRegen 0.30/turn                (no ring)
MPRegen 0.14/turn                (no ring)

@: no status effects
A: breathe power, AC +6, unfitting armour, cold-blooded
a: Breathe Dispelling Energy, Renounce Religion


You were on level 5 of the Dungeon.
You worshipped Sif Muna.
Sif Muna was noncommittal.
You visited 1 branch of the dungeon, and saw 5 of its levels.

You collected 262 gold pieces.

Inventory:

Missiles
 r - 4 throwing nets
Jewellery
 o - an amulet of the acrobat (around neck)
Wands
 a - a wand of acid (3)
Scrolls
 c - 2 scrolls of enchant weapon
 h - a scroll of fog {unknown}
 i - a scroll of amnesia {unknown}
 l - a scroll of silence {unknown}
 m - a scroll of brand weapon {unknown}
 n - a scroll of immolation {unknown}
 p - a scroll of fear {unknown}
 q - 2 scrolls of identify
Potions
 b - 6 potions of curing
 d - 3 potions of flight
 e - a potion of magic
 f - a potion of attraction
 g - a potion of ambrosia
 k - a potion of haste


   Skills:
 - Level 3.0 Fighting
 - Level 2.2 Dodging
 - Level 1.7 Stealth
 + Level 4.9 Spellcasting
 * Level 8.3 Conjurations
 - Level 3.0 Hexes


You had 6 spell levels left.
You knew the following spells:

 Your Spells              Type           Power      Damage    Failure   Level
a - Magic Dart            Conj           100%       1d8       1%          1
c - Fulminant Prism       Conj/Hex       13%        3d9       12%         4
d - Dazzling Flash        Conj/Hex       54%        N/A       3%          3
z - Searing Ray           Conj           76%        2d7       1%          2

Your spell library contained the following spells:

 Spells                   Type           Power      Damage    Failure   Level
 Hailstorm                Conj/Ice       21%        3d6       6%          3
 Stone Arrow              Conj/Erth      42%        3d9       6%          3
 Mephitic Cloud           Conj/Pois/Air  16%        N/A       11%         3
 Apportation              Tloc           8%         N/A       12%         1
 Freeze                   Ice            16%        1d4       12%         1
 Necrotise                Necr           16%        1d4       12%         1
 Sandblast                Erth           8%         2d5       12%         1
 Summon Small Mammal      Summ           16%        N/A       12%         1
 Call Imp                 Summ           4%         N/A       19%         2
 Passwall                 Tmut/Erth      3%         N/A       19%         2
 Iskenderun's Mystic Bla  Conj/Tloc      21%        2d6       22%         4
 Frozen Ramparts          Ice            8%         1d2       34%         3
 Irradiate                Conj/Tmut      10%        3d15      52%         5
 Blade Hands              Tmut           2%         N/A       97%         5
 Dragon Form              Tmut           2%         N/A       100%        7


Dungeon Overview and Level Annotations

Branches:
Dungeon (5/15)
 Temple: D:4-7

Altars:
Dithmenos
Gozag
Nemelex Xobeh
Sif Muna
Vehumet
Zin


Innate Abilities, Weirdness & Mutations

You can breathe bolts of dispelling energy.
Your rich purple scales are hard. (AC +6)
You cannot fit into any form of body armour.
You are cold-blooded and may be slowed by cold attacks.


Message History

Found a radiant altar of Vehumet.
Things that are here:
a +0 club; a gnoll skeleton You see here a +0 whip.
Items here: )) [ ÷.
A necrophage comes into view.
The magic dart hits the necrophage.
The necrophage is lightly damaged.
Casting: Magic Dart (safe; 1% risk of failure)
Confirm with . or Enter, or press ? or * to list all spells.
Aiming: Searing Ray (safe; 1% risk of failure)
Press: ? - help, Shift-Dir - straight line, f/p - necrophage
Aim: a necrophage (lightly damaged, 81% to hit)
The searing ray hits the necrophage!
The necrophage is moderately damaged. (Press . to maintain the ray.)
The searing ray hits the necrophage!
The necrophage is severely damaged.
The searing ray hits the necrophage!
The necrophage is almost destroyed.
The necrophage completely misses you.
The searing ray hits the necrophage.
You destroy the necrophage!
You finish channelling your searing ray.
You have reached level 8!
You feel agile.
Things that are here:
a +0 club; a +0 leather armour; a +0 flail You see here a +0 whip.
You see here a +0 club.
There is a radiant altar of Vehumet here.
There is a shimmering blue altar of Sif Muna here.
You kneel at the altar of Sif Muna.
Sif Muna welcomes you!
Okay, then.
You drop a +0 rapier.
You feel the dreadful sensation subside.
You are now empty-handed.
You drop a +1 vampiric spear.
Okay, then.
Are you sure you want to abandon this character and quit the game? (Confirm with "yes".)

##### ###
##8#.#####_##
##8.#.#.#.#._#
#.....@.....##
#..........._#
#.8.#.#.#.#._#
#.###.#_#⌠#.##
# #.#
######### #
#.########.# #
#..........# #
##########.###
# #...# #


There were no monsters in sight!

Vanquished Creatures
  Grinder (D:5)
  An ice beast (D:5)
  An ogre (D:4)
  A scorpion (D:4)
  3 necrophages (D:5)
  A gnoll bouda (D:5)
  An orc priest (D:5)
  An orc wizard (D:5)
  Natasha (thrice) (D:3)
  2 iguanas
  8 gnolls (D:5)
  10 adders
  An ufetubus (D:5)
  2 dart slugs (D:2)
  6 orcs
  4 bats
  5 endoplasms
  3 giant cockroaches
  8 goblins
  3 hobgoblins
  5 jackals (D:4)
  2 kobolds
  5 ball pythons
  2 frilled lizards (D:1)
  7 rats
86 creatures vanquished.

Vanquished Creatures (others)
  18 fungi (D:4)
18 creatures vanquished.

Grand Total: 104 creatures vanquished

Notes
Turn   | Place    | Note
-------+----------+-------------------------------------------
     0 | D:1      | experimilk the Draconian Conjurer began the quest for the
                  | Orb.
     0 | D:1      | Reached XP level 1. HP: 14/14 MP: 3/3
   232 | D:1      | Reached XP level 2. HP: 22/22 MP: 3/5
   235 | D:1      | Learned a level 2 spell: Searing Ray
   666 | D:2      | Reached skill level 1 in Fighting
   891 | D:2      | Reached XP level 3. HP: 28/28 MP: 2/6
  1975 | D:3      | Noticed Natasha
  1977 | D:3      | Killed Natasha
  1978 | D:3      | Reached skill level 5 in Conjurations
  1978 | D:3      | Reached XP level 4. HP: 36/36 MP: 3/8
  2317 | D:3      | Noticed Natasha
  2322 | D:3      | Killed Natasha
  2323 | D:3      | Reached XP level 5. HP: 42/42 MP: 3/9
  2433 | D:3      | Noticed Natasha
  2540 | D:3      | Killed Natasha
  3015 | D:4      | Found a glowing silver altar of Zin.
  3334 | D:4      | Noticed an ogre
  3339 | D:4      | Killed an ogre
  3340 | D:4      | Reached skill level 6 in Conjurations
  3340 | D:4      | Reached XP level 6. HP: 51/51 MP: 10/10
  3977 | D:5      | Entered Level 5 of the Dungeon
  4031 | D:5      | Reached skill level 7 in Conjurations
  4108 | D:5      | Noticed an ice beast
  4118 | D:5      | Killed an ice beast
  4206 | D:5      | Your scales start taking on a rich purple colour.
  4206 | D:5      | Reached XP level 7. HP: 57/57 MP: 7/13
  4347 | D:5      | Learned a level 4 spell: Fulminant Prism
  4351 | D:5      | Learned a level 3 spell: Dazzling Flash
  4439 | D:5      | Reached skill level 1 in Hexes
  4883 | D:5      | Noticed Grinder
  4888 | D:5      | Killed Grinder
  4889 | D:5      | Reached skill level 8 in Conjurations
  5120 | D:5      | Found an opulent altar of Gozag.
  5120 | D:5      | Found a sparkling altar of Nemelex Xobeh.
  5121 | D:5      | Found a shimmering blue altar of Sif Muna.
  5121 | D:5      | Found a shadowy altar of Dithmenos.
  5124 | D:5      | Found a radiant altar of Vehumet.
  5216 | D:5      | Reached XP level 8. HP: 63/63 MP: 8/15
  5306 | D:5      | Became a worshipper of Sif Muna the Loreminder
  5315 | D:5      | Quit the game

Illustrated notes

Levels and vault maps discovered:
D:1:      dpeg_arrival_prison, layout_rooms
D:2:      layout_basic, minmay_split_cup_large
D:3:      layout_rooms, uniq_natasha
D:4:      layout_loops_corners, zin_statuary, serial_aquarium,
          aquarium_bridge_straight [aquarium_subvault_bridge,
          aquarium_subvault_wall, aquarium_subvault_bridge,
          aquarium_subvault_wall], aquarium_bridge_island_small
          [aquarium_subvault_small_open, aquarium_subvault_window,
          aquarium_subvault_bridge, aquarium_subvault_wall,
          aquarium_subvault_wall], aquarium_window_1, aquarium_window_corner,
          aquarium_window_2, aquarium_view_4, aquarium_view_2b, aquarium_pool_2
D:5:      layout_loops_ring, minitemple, uniq_grinder

Skill      XL: |  1  2  3  4  5  6  7 |
---------------+----------------------+-----
Fighting       | 1 2 3 |  3.0
Conjurations   | 5 6 7 8 |  8.3
Spellcasting   | 3 4 |  4.9
Dodging        | 2 |  2.2
Hexes          | 3 |  3.0
Stealth        | |  1.7

Action                   |  1- 3 |  4- 6 |  7- 9 || total
-------------------------+-------+-------+-------++-------
Melee: Rapier            |    16 |       |    21 ||    37
       Tailslap          |     1 |       |     2 ||     3
       Punch             |     1 |       |       ||     1
 Cast: Magic Dart        |    56 |    27 |    16 ||    99
       Searing Ray       |     5 |    22 |    11 ||    38
       Dazzling Flash    |       |       |     2 ||     2
 Abil: Breathe Dispellin |       |       |     3 ||     3
Evoke: Wand              |       |     5 |     1 ||     6
  Use: Potion            |     1 |       |       ||     1
       Scroll            |       |     7 |       ||     7
 Stab: Invisible         |       |       |     1 ||     1
Armor: Skin              |     8 |     4 |     4 ||    16
Dodge: Dodged            |    12 |    13 |    30 ||    55

Table legend: (Time is in decaauts)
 A = Elapsed time spent in this place.
 B = Non-inter-level travel time spent in this place.
 C = Inter-level travel time spent in this place.
 D = Time resting spent in this place.
 E = Time spent auto-exploring this place.
 F = Levels seen in this place.
 G = Mean time per level.
                   A        B        C        D        E       F      G
               +--------+--------+--------+--------+--------+-----+--------+
         Total |   5323 |   5152 |    171 |    412 |   4252 |   5 | 1064.6 |
       Dungeon |   5323 |   5152 |    171 |    412 |   4252 |   5 | 1064.6 |
               +--------+--------+--------+--------+--------+-----+--------+

Top non-repeatable levels by time:
     D:2: 1348 daAuts
     D:5: 1341 daAuts
     D:4: 1279 daAuts
     D:3: 721 daAuts
     D:1: 632 daAuts
